General information
			
			
        
        - name: BNet
 
        - type: Ladder team game (AT/RT)
 
        - host: Battle.net
 
        - saver: grEEdofthEnoob
 
        
map: TurtleRock 
        - players: 4
 
        - length: 23:07
 
        - speed: Fast
 - version: 1.22 W3XP
 - replay type:  Public
 
» download(124 KB)
Players
        team 1 (winner) 
              
              
EN.Barbudo (
pink | 84 APM | 1945 actions | 23:07)
              
 5 Pandaren Brewmaster 
 3 Breath of Fire
 2 Drunken Haze
 4 Shadow Hunter 
 2 Healing Wave
 2 Serpent Ward
 
                » actions 
                
                | Assign group hotkey | 51 |  | 
| Basic commands | 85 |  | 
| Build / train | 67 |  | 
| ESC pressed | 2 |  | 
| Enter build submenu | 22 |  | 
| Enter hero's abilities submenu | 10 |  | 
| Give item / drop item | 2 |  | 
| Right click | 1009 |  | 
| Select / deselect | 357 |  | 
| Select group hotkey | 265 |  | 
| Use ability | 75 |  | 
                1945 total
 » units 
                
                | Peon | 7 |  | 
| Grunt | 11 |  | 
| Raider | 4 |  | 
| Shaman | 4 |  | 
| Kodo Beast | 1 |  | 
| Tauren | 3 |  | 
| Demolisher | 2 |  | 
                32 total
 » upgrades
                
                | Berserker Strength | 1 |  | 
| Ensnare | 1 |  | 
| Shaman Training | 2 |  | 
| War Drums Damage Increase | 1 |  | 
| Pulverize | 1 |  | 
| Reinforced Defenses | 1 |  | 
| Burning Oil | 1 |  | 
                8 total
 » buildings
                
                | Barracks | 1 |  | 
| Orc Burrow | 7 |  | 
| Altar of Storms | 1 |  | 
| Stronghold | 1 |  | 
| Voodoo Lounge | 1 |  | 
| War Mill | 1 |  | 
| Beastiary | 1 |  | 
| Watch Tower | 3 |  | 
| Fortress | 1 |  | 
| Spirit Lodge | 1 |  | 
| Tauren Totem | 1 |  | 
| Great Hall | 2 |  | 
                21 total
 » build order
                00:13 Barracks
00:22 Orc Burrow
00:49 Altar of Storms
01:33 Orc Burrow
02:09 Orc Burrow
03:19 Stronghold
03:58 Voodoo Lounge
04:02 War Mill
05:43 Orc Burrow
06:30 Beastiary
07:13 Orc Burrow
07:19 Watch Tower
07:34 Watch Tower
10:03 Fortress
10:39 Spirit Lodge
11:57 Orc Burrow
13:30 Tauren Totem
17:01 Great Hall
18:27 Great Hall
19:51 Watch Tower
20:41 Orc Burrow
» items
                
                | Healing Salve | 6 |  | 
| Scroll of Speed | 1 |  | 
| Lesser Clarity Potion | 3 |  | 
| Potion of Mana | 2 |  | 
| Potion of Healing | 1 |  | 
| Scroll of Town Portal | 1 |  | 
                14 total
  
               
              
              
EN.Despiron (
blue | 104 APM | 2412 actions | 23:07)
              
 5 Beastmaster 
 3 Summon Quilbeast
 2 Summon Bear
 4 Firelord 
 2 Summon Lava Spawn
 2 Incinerate
 
                » actions 
                
                | Assign group hotkey | 59 |  | 
| Basic commands | 127 |  | 
| Build / train | 69 |  | 
| ESC pressed | 2 |  | 
| Enter build submenu | 18 |  | 
| Enter hero's abilities submenu | 9 |  | 
| Remove unit from queue | 1 |  | 
| Right click | 806 |  | 
| Select / deselect | 346 |  | 
| Select group hotkey | 892 |  | 
| Use ability | 83 |  | 
                2412 total
 » units 
                
                | Wisp | 16 |  | 
| Huntress | 4 |  | 
| Archer | 9 |  | 
| Druid of the Talon | 6 |  | 
| Dryad | 5 |  | 
| Glaive Thrower | 2 |  | 
| Druid of the Claw | 4 |  | 
                46 total
 » upgrades
                
                | Improved Bows | 1 |  | 
| Abolish Magic | 1 |  | 
| Druid of the Claw Training | 2 |  | 
| Ultravision | 1 |  | 
| Mark of the Claw | 1 |  | 
| Strength of the Moon | 1 |  | 
                7 total
 » buildings
                
                | Moon Well | 9 |  | 
| Altar of Elders | 1 |  | 
| Ancient of War | 1 |  | 
| Hunter's Hall | 1 |  | 
| Tree of Ages | 1 |  | 
| Ancient of Lore | 2 |  | 
| Ancient of Wind | 1 |  | 
| Tree of Life | 3 |  | 
| Tree of Eternity | 1 |  | 
                20 total
 » build order
                00:18 Moon Well
01:07 Altar of Elders
01:30 Ancient of War
01:39 Hunter's Hall
01:58 Moon Well
02:26 Moon Well
03:30 Tree of Ages
03:57 Moon Well
06:43 Ancient of Lore
06:45 Ancient of Wind
07:21 Moon Well
10:08 Tree of Life
10:31 Tree of Life
12:10 Moon Well
13:54 Tree of Eternity
13:58 Ancient of Lore
16:51 Moon Well
16:54 Moon Well
17:54 Moon Well
19:02 Tree of Life
» items
                 
               team 2 (loser) 
              
              
grEEdofthEnoob (
teal | 80 APM | 1849 actions | 23:07)
              
 4 Archmage 
 2 Summon Water Elemental
 2 Brilliance Aura
 4 Mountain King 
 2 Storm Bolt
 2 Thunder Clap
 
                » actions 
                
                | Assign group hotkey | 54 |  | 
| Basic commands | 101 |  | 
| Build / train | 81 |  | 
| ESC pressed | 1 |  | 
| Enter build submenu | 19 |  | 
| Enter hero's abilities submenu | 8 |  | 
| Right click | 757 |  | 
| Select / deselect | 483 |  | 
| Select group hotkey | 254 |  | 
| Use ability | 91 |  | 
                1849 total
 » units 
                
                | Peasant | 14 |  | 
| Footman | 3 |  | 
| Rifleman | 12 |  | 
| Sorceress | 3 |  | 
| Priest | 8 |  | 
| Mortar Team | 4 |  | 
| Spell Breaker | 4 |  | 
                48 total
 » upgrades
                
                | Priest Training | 2 |  | 
| Long Rifles | 1 |  | 
| Flare | 1 |  | 
| Gunpowder | 2 |  | 
| Fragmentation Shards | 1 |  | 
                7 total
 » buildings
                
                | Altar of Kings | 1 |  | 
| Farm | 11 |  | 
| Barracks | 1 |  | 
| Scout Tower | 1 |  | 
| Blacksmith | 1 |  | 
| Keep | 1 |  | 
| Arcane Tower | 4 |  | 
| Arcane Vault | 1 |  | 
| Arcane Sanctum | 1 |  | 
| Workshop | 1 |  | 
| Castle | 1 |  | 
                24 total
 » build order
                00:04 Altar of Kings
00:20 Farm
00:21 Barracks
01:04 Farm
01:44 Farm
01:52 Scout Tower
02:30 Farm
02:35 Blacksmith
02:54 Farm
03:43 Keep
03:58 Arcane Tower
03:58 Arcane Tower
03:58 Arcane Tower
03:59 Arcane Tower
04:35 Arcane Vault
05:20 Farm
06:19 Arcane Sanctum
06:45 Workshop
07:22 Farm
11:30 Farm
15:30 Farm
17:00 Castle
18:46 Farm
20:23 Farm
» items
                
                | Dust of Appearance | 1 |  | 
| Boots of Speed | 1 |  | 
| Scroll of Regeneration | 2 |  | 
| Potion of Mana | 1 |  | 
| Potion of Healing | 1 |  | 
| Scroll of Town Portal | 2 |  | 
                8 total
  
               
              
              
JimmiC (
green | 47 APM | 1035 actions | 22:04)
              
 4 Priestess of the Moon 
 2 Searing Arrows
 2 Trueshot Aura
 2 Pit Lord 
 1 Rain of Fire
 1 Howl of Terror
 
                » actions 
                
                | Assign group hotkey | 11 |  | 
| Basic commands | 81 |  | 
| Build / train | 59 |  | 
| ESC pressed | 3 |  | 
| Enter build submenu | 13 |  | 
| Enter hero's abilities submenu | 6 |  | 
| Give item / drop item | 2 |  | 
| Right click | 429 |  | 
| Select / deselect | 299 |  | 
| Select group hotkey | 85 |  | 
| Use ability | 47 |  | 
                1035 total
 » units 
                
                | Wisp | 16 |  | 
| Huntress | 7 |  | 
| Glaive Thrower | 3 |  | 
| Dryad | 6 |  | 
| Druid of the Claw | 4 |  | 
                36 total
 » upgrades
                
                | Abolish Magic | 1 |  | 
| Vorpal Blades | 1 |  | 
| Druid of the Claw Training | 2 |  | 
| Resistant Skin | 1 |  | 
                5 total
 » buildings
                
                | Altar of Elders | 1 |  | 
| Moon Well | 6 |  | 
| Ancient of War | 2 |  | 
| Hunter's Hall | 1 |  | 
| Tree of Ages | 1 |  | 
| Ancient of Lore | 2 |  | 
| Ancient of Wonders | 1 |  | 
| Tree of Eternity | 2 |  | 
                16 total
 » build order
                00:06 Altar of Elders
00:20 Moon Well
01:48 Ancient of War
01:51 Hunter's Hall
02:04 Moon Well
02:41 Ancient of War
02:44 Moon Well
03:54 Tree of Ages
05:31 Moon Well
06:43 Ancient of Lore
06:46 Ancient of Lore
07:03 Ancient of Wonders
15:29 Tree of Eternity
15:29 Tree of Eternity
17:37 Moon Well
17:39 Moon Well
» items
                
                | Scroll of Town Portal | 4 |  | 
| Staff of Preservation | 2 |  | 
| Orb of Venom | 1 |  | 
                7 total
  
                Chat log
          (00:12 / All) grEEdofthEnoob: hey are you that brasilian pro gamer
(00:16 / All) EN.Despiron: no
(00:27 / All) grEEdofthEnoob: you took his name?
(00:30 / Allies) JimmiC: u GOING  frifles?
(00:30 / All) EN.Despiron: no
(00:37 / Allies) grEEdofthEnoob: yeah
(00:40 / All) grEEdofthEnoob: oh 
(00:43 / All) grEEdofthEnoob: i swear i know the name
(00:46 / All) grEEdofthEnoob: anyway gl
(01:17 / Allies) JimmiC: I'm going 2 wars hunts
(01:20 / Allies) grEEdofthEnoob: sure
(01:30 / Allies) grEEdofthEnoob: sahre
(01:32 / Allies) JimmiC: late altar 
(01:35 / Allies) grEEdofthEnoob: from orC?
(01:38 / Allies) JimmiC: yeah
(02:29 / Allies) JimmiC: altar hero panda
(04:08 / Allies) JimmiC: make sure to get priests shh
(05:51 / Allies) JimmiC: stay bakc
(06:06 / Allies) JimmiC: out
(06:26 / Allies) JimmiC: can't elt them draw us in liek that heh
(06:51 / Allies) JimmiC: I need some levesl
(07:16 / Allies) JimmiC: I have tp
(07:21 / Allies) JimmiC: U have dispe?
(07:33 / Allies) JimmiC: I'm on way
(07:52 / Allies) JimmiC: call
(08:29 / Allies) JimmiC: dude how are those gold guys doing?
(09:51 / Allies) JimmiC: I dun need heal
(09:55 / Allies) JimmiC: other then lista
(11:00 / Allies) JimmiC: tp if u need to
(11:04 / Allies) JimmiC: nice
(12:02 / Allies) JimmiC: stop lpugging me
(12:18 / Allies) JimmiC: tp
(12:20 / Allies) grEEdofthEnoob: dont have
(13:06 / Allies) JimmiC: get tp 
(13:33 / Allies) grEEdofthEnoob: got
(14:36 / Allies) JimmiC: hows your woo sithc?
(14:44 / Allies) grEEdofthEnoob: not good
(15:10 / Allies) JimmiC: puish ne but stay back
(15:59 / Allies) JimmiC: use siege
(16:25 / Allies) JimmiC: watch shit
(16:33 / Allies) JimmiC: abck back
(17:28 / Allies) JimmiC: I will get 
(17:31 / Allies) JimmiC: u
(17:44 / Allies) JimmiC: I have one heh
(18:21 / Allies) grEEdofthEnoob: they are there
(18:38 / Allies) grEEdofthEnoob: me
(19:12 / Allies) JimmiC: we need lots of disple
(20:27 / Allies) JimmiC: wait for me
(20:37 / Allies) JimmiC: group yoru shit up
(20:37 / Allies) grEEdofthEnoob: wood
(20:45 / Allies) grEEdofthEnoob: more
(20:47 / Allies) JimmiC: put up a expand
(20:52 / Allies) grEEdofthEnoob: cant
(20:53 / Allies) grEEdofthEnoob: we need to fight
(20:57 / Allies) grEEdofthEnoob: ill go there now
(21:00 / Allies) JimmiC: yeah while we fight do it
(21:03 / Allies) grEEdofthEnoob: kill the orc expo
(21:55 / All) grEEdofthEnoob: gg
(22:02 / All) EN.Barbudo: gg
(22:02 / All) EN.Despiron: gg
(22:09 / All) grEEdofthEnoob: so did you take his name
(22:10 / All) grEEdofthEnoob: i dont understand
(22:14 / All) EN.Despiron: no
(22:17 / All) grEEdofthEnoob: the name en.despiron is known
(22:17 / All) EN.Despiron: i'm just not a pro o.Oa
(22:26 / All) grEEdofthEnoob: are you brasilian
(22:29 / All) EN.Despiron: yep
(22:38 / All) grEEdofthEnoob: werent you on wcreplays
(22:41 / All) grEEdofthEnoob: or something
(22:45 / All) grEEdofthEnoob: didnt you have a good solo run
(22:49 / All) EN.Despiron: 3 years ago
(22:50 / All) grEEdofthEnoob: about 2 years ago
(22:50 / All) EN.Despiron: yep
(22:54 / All) grEEdofthEnoob: oh
(22:56 / All) grEEdofthEnoob: well im honoured
(22:59 / All) grEEdofthEnoob: : )
(23:00 / All) EN.Despiron: :o
(23:02 / All) grEEdofthEnoob: gg
(23:04 / All) EN.Despiron: gg